Map: Moonlight Madness LE (Void)

Players

SticklerMac - Winner!

  • Race: Zerg Zerg

GroDany

  • Race: Zerg Zerg
  • League: Grandmaster

VOD

Have the link to the VOD?

Description

Time

  • Played on: Aug. 5, 2015, 7:05 p.m.
  • Length: 4:52
Show
View Real Time Build Order
Export as new Build Order

SticklerMac Zerg - Winner!

Build Orders: Hatch First, Zergling Baneling 

Get SALT Encoding   

  12  0:01  Drone  
  13  0:08  Drone  
  14  0:17  Overlord  
  14  0:35  Drone x3  
  17  0:57  Hatchery  
  17  1:00  Drone  
  17  1:01  Drone  
  18  1:08  Drone  
  19  1:20  Spawning Pool  
  19  1:22  Drone  
  19  1:29  Drone  
  19  1:32  Extractor  
  19  1:40  Drone  
  20  1:50  Overlord  
  20  2:01  Overlord  
  20  2:07  Queen  
  22  2:09  Queen  
  22  2:10  Drone  
  25  2:17  Zergling x2  
  26  2:23  Zergling x2  
  26  2:24  Zergling x2  
  28  2:30  Zergling x2  
  28  2:33  Zergling x2  
  28  2:36  Metabolic Boost  
  30  2:41  Zergling x2  
  31  2:45  Zergling x2  
  32  2:59  Zergling x4  
  32  3:05  Zergling x2  
  36  3:12  Zergling x2  
  36  3:14  Baneling Nest  
  35  3:25  Hatchery  
  35  3:27  Zergling x8  
  36  3:32  Zergling x2  
  39  3:35  Zergling x2  
  39  3:36  Zergling x2  
  39  3:39  Zergling x2  
  42  3:42  Zergling x2  
  43  3:52  Zergling x2  
  43  3:56  Zergling x2  
  43  4:00  Zergling x2  
  44  4:05  Baneling x5  
  44  4:06  Baneling x3  
  44  4:15  Zergling x2  
  44  4:18  Overlord  
  37  4:33  Zergling x10  
Show
View Real Time Build Order
Export as new Build Order

GroDany Zerg 

Build Orders: Hatch First 

Get SALT Encoding   

  12  0:02  Drone  
  13  0:09  Drone  
  14  0:16  Overlord  
  14  0:29  Extractor  
  14  0:30  Drone  
  15  0:40  Drone x2  
  17  0:58  Hatchery  
  17  1:01  Drone  
  17  1:07  Extractor  
  17  1:10  Drone  
  17  1:46  Drone  
  19  1:47  Drone x2  
  19  1:53  Spawning Pool  
  19  2:07  Drone  
  20  2:09  Overlord  
  20  2:15  Drone  
  21  2:41  Queen  
  23  2:44  Queen  
  23  2:46  Drone x3  
  23  2:48  Overlord  
  28  2:52  Zergling x4  
  30  3:01  Spine Crawler  
  29  3:06  Overlord, Spine Crawler  
  29  3:08  Overlord  
  28  3:52  Zergling x2  
  28  3:53  Zergling x10  
  30  4:05  Queen  
Tags
 
Add a new tag
Caveats
  • Supply blocks, unpowered buildings, or Contaminate may cause inaccurate times.
  • Supply counts are checked every 10 seconds.